 Dungeon Crawl Stone Soup version 0.15-a0-995-gc8af7eb (webtiles) character file.

25181 jko the Nimble (level 13, -8/72 HPs)
             Began as a Vine Stalker Monk on May 24, 2014.
             Was the Champion of Makhleb.
             Mangled by a death yak (17 damage)
             ... on Level 6 of the Lair of Beasts.
             The game lasted 01:26:41 (15998 turns).

jko the Nimble (Vine Stalker Monk)                 Turns: 15998, Time: 01:26:41

HP  -8/72        AC  8     Str 15      XL: 13   Next: 17%
MP   0/26        EV 24     Int 10      God: Makhleb [******]
Gold 898         SH  0     Dex 26      Spells:  1 memorised, 11 levels left

rFire  . . .     SeeInvis .       - Unarmed
rCold  . . .     Clarity  .     f - +0 leather armour
rNeg   . . .     Conserve .     (no shield)
rPois  .         rCorr    .     y - +1 hat of Vlad {Stlth+}
rElec  .         rRot     +     I - +2 cloak
SustAb .         Spirit   +     (no gloves)
rMut   .         Warding  .     (no boots)
Gourm  .         Stasis   .     c - amulet of rage
MR     +....                    (no ring)
                                x - +5 ring of dexterity

@: lethally poisoned, somewhat resistant to hostile enchantments, quite stealthy
A: fangs 3, regeneration 3, magic shield, antimagic bite, no device heal 3
a: Minor Destruction, Lesser Servant of Makhleb, Major Destruction, Greater
Servant of Makhleb, Renounce Religion, Evoke Berserk Rage


You were on level 6 of the Lair of Beasts.
You worshipped Makhleb.
Makhleb was exalted by your worship.
You were hungry.

You visited 2 branches of the dungeon, and saw 17 of its levels.
You also visited: Labyrinth.

You collected 898 gold pieces.

Inventory:

Hand weapons
 C - a +5 blowgun
Missiles
 B - 22 poisoned needles
 D - 5 throwing nets (quivered)
Armour
 f - a +0 leather armour (worn)
 y - the +1 hat of Vlad (worn) {Stlth+}
   (You found it on level 4 of the Lair of Beasts)

   It makes you more stealthy.
 I - a +2 cloak (worn)
 L - a +0 helmet
Magical devices
 a - a wand of digging (11)
 b - a wand of digging (21)
 g - a wand of digging (12)
 l - a wand of lightning (5)
 p - a wand of polymorph (4)
 w - a wand of fireball (4)
 A - a wand of cold (7)
 J - a wand of disintegration (6)
Comestibles
 d - 2 meat rations
 r - a royal jelly
 t - a bread ration
 F - an apple
 G - an apricot
 K - 2 chokos
 P - a rotting chunk of quokka flesh
Scrolls
 e - a scroll of magic mapping
 h - 7 scrolls of teleportation
 k - a scroll of immolation
 m - a scroll of fear
 o - 8 scrolls of remove curse
 E - 4 scrolls of blinking
 M - a scroll of identify
 O - a scroll of vulnerability
Jewellery
 c - an amulet of rage (around neck)
 q - an uncursed amulet of resist mutation
 u - an uncursed ring of flight
 x - a +5 ring of dexterity (left hand)
Potions
 i - 2 potions of restore abilities
 j - 2 potions of brilliance {unknown}
 n - 3 potions of mutation {unknown}
 s - 7 potions of curing
 v - a potion of poison {unknown}
 z - a potion of agility {unknown}
 H - a potion of beneficial mutation {unknown}


   Skills:
 - Level 10.2 Fighting
 + Level 5.5 Armour
 * Level 11.1 Dodging
 - Level 5.0 Stealth
 - Level 10.0 Unarmed Combat
 + Level 8.2 Invocations


You had 11 spell levels left.
You knew the following spells:

 Your Spells              Type           Power        Failure   Level  Hunger
a - Apportation           Tloc           #.........   38%         1    ##.....


Dungeon Overview and Level Annotations

Branches:
Dungeon (10/15)            Temple (0/1) D:7            Lair (7/8) D:10
 Shoals (0/5) Lair:4        Snake (0/5) Lair:6
    Orc: D:9-12       Slime: Lair:6-8

Altars:
Ashenzari
Cheibriados
Gozag
Makhleb
Nemelex Xobeh
Trog
Xom
The Shining One

Shops:
D:8 }   D:10 %


Innate Abilities, Weirdness & Mutations

You are immune to rotting.
You have razor-sharp teeth.
You regenerate.
When hurt, damage is shared between your health and your magic reserves.
Your bite disrupts and absorbs the magic of your enemies.
Potions and wands cannot restore your health.


Message History

You are poisoned.
The black mamba poisons you!
You feel sick. The black mamba completely misses you.
You feel sick. The black mamba barely misses you.
You feel sick.
You feel sick. The black mamba closely misses you.
There is a stone staircase leading up here.
You feel sick. The black mamba closely misses you. The death yak gores you!!
* * * LOW HITPOINT WARNING * * *
The black mamba barely misses you.
You climb upwards.
You feel sick.
Found a helmet.
There is a stone staircase leading down here.
Read which item? (? for menu, Esc to quit)
As you read the scroll labeled CHIFET DYMACKIYKH, it crumbles to dust.
It is a scroll of enchant weapon III.
Enchant which weapon? (? for menu, Esc to quit)
Your +4 blowgun glows yellow for a moment.
You feel sick. The black mamba misses you. The death yak gores you!!
You die...

## ## ##.##. #
.. ##.#..... ...
...##..P.... ...
..........# P.
.......Y...# .#
PP.....Y@SP# .#
###........[.#
.#
##.....P#.##...#
# ......# #
.....#
#####P....#.
#...#.#
.....P.......
......#
.............
.......
.............
......
..............
...


You could see 2 death yaks and a black mamba.

Vanquished Creatures
  A minotaur (Lab)
  Harold (Lair:5)
  A death yak (Lair:7)
  Urug (D:10)
  3 hill giants (D:10)
  A griffon (Lair:4)
  A black mamba (Lair:2)
  7 spiny frogs
  A fire drake (Lair:3)
  2 komodo dragons
  A polar bear (Lair:4)
  A boulder beetle (Lair:4)
  A basilisk (Lair:7)
  5 sharks
  39 yaks
  2 trapdoor spiders (Lab)
  A deep elf mage (D:9)
  A wyvern (D:8)
  Eustachio (D:6)
  Grum (D:9)
  A fire elemental (Lair:2)
  11 wolves
  4 hippogriffs
  4 water moccasins
  3 orc warriors
  4 nagas (Lair:6)
  A necrophage (D:8)
  2 black bears (D:8)
  An ice beast (D:10)
  6 porcupines
  3 ogres (D:9)
  6 centaurs
  9 crocodiles
  Sigmund (D:3)
  A big kobold (D:10)
  5 giant slugs
  8 giant frogs
  A cyclops skeleton (D:8)
  10 scorpions
  A yak zombie (D:9)
  2 hippogriff skeletons
  10 killer bees (D:7)
  An electric eel (Lair:5)
  3 crimson imps
  9 hounds
  A jelly (D:10)
  6 worker ants
  2 centaur zombies
  An orc priest (D:6)
  6 big fish
  An elf skeleton (D:8)
  A giant frog skeleton (D:5)
  4 iguanas
  9 orc wizards
  7 orange rats
  17 sheep
  Ijyb (D:5)
  7 gnolls
  15 adders
  A scorpion zombie (D:10)
  2 giant mites
  8 green rats (Lair:5)
  2 worms
  2 orc skeletons
  9 giant geckos
  3 oozes
  14 orcs
  A ball python (D:1)
  6 giant cockroaches
  16 goblins
  20 hobgoblins
  17 jackals
  17 quokkas
  31 bats
  A giant gecko zombie (D:7)
  3 giant newts
  A giant newt skeleton (D:3)
  A goblin skeleton (D:5)
  A hobgoblin skeleton (D:4)
  19 kobolds
  An orc zombie (D:6)
  20 rats
453 creatures vanquished.

Notes
Turn   | Place    | Note
--------------------------------------------------------------
     0 | D:1      | jko, the Vine Stalker Monk, began the quest for the Orb.
     0 | D:1      | Reached XP level 1. HP: 11/11 MP: 1/1
   111 | D:1      | Reached XP level 2. HP: 16/16 MP: 3/3
   611 | D:1      | Reached XP level 3. HP: 17/19 MP: 4/4
   900 | D:2      | Reached XP level 4. HP: 24/24 MP: 5/5
  1522 | D:3      | Reached skill level 5 in Unarmed Combat
  1640 | D:3      | Noticed Sigmund
  1665 | D:3      | Reached XP level 5. HP: 9/28 MP: 1/7
  1940 | D:3      | Found a burning altar of Makhleb.
  1941 | D:3      | Found a shimmering altar of Xom.
  1956 | D:3      | Became a worshipper of Makhleb the Destroyer
  1956 | D:3      | Acquired Makhleb's first power
  1956 | D:3      | Acquired Makhleb's second power
  2116 | D:4      | Gained mutation: You heal very quickly. [vine stalker growth]
  2116 | D:4      | Reached XP level 6. HP: 21/33 MP: 8/8
  2219 | D:3      | Killed Sigmund
  2219 | D:3      | Reached skill level 6 in Unarmed Combat
  2378 | D:4      | Found a glowing golden altar of the Shining One.
  2881 | D:4      | Acquired Makhleb's third power
  2998 | D:4      | Reached XP level 7. HP: 37/37 MP: 9/9
  3316 | D:5      | Entered Level 5 of the Dungeon
  3499 | D:5      | Noticed Ijyb
  3504 | D:5      | Killed Ijyb
  3518 | D:5      | Found an opulent altar of Gozag.
  3721 | D:5      | Reached skill level 7 in Unarmed Combat
  3754 | D:5      | Acquired Makhleb's fourth power
  4150 | D:6      | Found a sparkling altar of Nemelex Xobeh.
  4192 | D:6      | Noticed Eustachio
  4444 | D:6      | Gained mutation: You have razor-sharp teeth. [vine stalker growth]
  4444 | D:6      | Reached XP level 8. HP: 42/42 MP: 11/11
  4723 | D:6      | Reached skill level 5 in Fighting
  5018 | D:6      | Killed Eustachio
  5254 | D:7      | Reached skill level 8 in Unarmed Combat
  5314 | D:7      | Acquired Makhleb's fifth power
  5404 | D:7      | Reached skill level 5 in Dodging
  5488 | D:7      | Reached XP level 9. HP: 48/48 MP: 12/12
  5519 | D:7      | Found a snail-covered altar of Cheibriados.
  5552 | D:7      | Reached skill level 9 in Unarmed Combat
  5699 | D:7      | Found a staircase to the Ecumenical Temple.
  5931 | D:8      | Found a shattered altar of Ashenzari.
  6059 | D:8      | Found Kicriaf's Gadget Shoppe.
  6166 | D:8      | HP: 1/48 [orc warrior/ tomahawk (9)]
  6587 | D:8      | Found a bloodstained altar of Trog.
  6762 | D:8      | Reached skill level 10 in Unarmed Combat
  6949 | D:9      | Noticed Grum
  7300 | D:9      | Reached XP level 10. HP: 46/55 MP: 8/13
  7456 | D:9      | Reached skill level 5 in Stealth
  7893 | D:9      | Reached skill level 1 in Invocations
  8346 | D:9      | Killed Grum
  8409 | D:10     | Entered Level 10 of the Dungeon
  8469 | D:10     | Noticed a hill giant
  8475 | D:10     | Killed a hill giant
  8547 | D:10     | Found a staircase to the Lair.
  8666 | D:10     | Noticed a hill giant
  8684 | D:10     | Killed a hill giant
  8707 | D:10     | Found Pyjol's Food Boutique.
  8733 | D:10     | Noticed a hill giant
  8741 | D:10     | Killed a hill giant
  8741 | D:10     | Reached XP level 11. HP: 62/62 MP: 20/20
  8974 | D:10     | Noticed Urug
  8991 | D:10     | Killed Urug
  9134 | Lair:1   | Entered Level 1 of the Lair of Beasts
  9288 | Lair:1   | Reached skill level 10 in Fighting
  9678 | Lair:1   | Reached skill level 5 in Invocations
  9883 | Lair:1   | Reached skill level 1 in Armour
 10643 | Lair:2   | Gained mutation: You regenerate. [vine stalker growth]
 10643 | Lair:2   | Reached XP level 12. HP: 67/67 MP: 24/24
 12376 | Lair:4   | Reached skill level 10 in Dodging
 12422 | Lair:4   | Found a labyrinth entrance.
 12429 | Lab      | Entered a labyrinth
 13521 | Lab      | Noticed a minotaur
 13531 | Lab      | Killed a minotaur
 13889 | Lair:4   | Learned a level 1 spell: Apportation
 14004 | Lair:4   | Got a faintly humming hat
 14008 | Lair:4   | Identified the +1 hat of Vlad {Stlth+} (You found it on level 4 of the Lair of Beasts)
 14072 | Lair:4   | Found a staircase to the Shoals.
 14777 | Lair:5   | Noticed Harold
 14802 | Lair:5   | Killed Harold
 15336 | Lair:5   | Reached skill level 5 in Armour
 15601 | Lair:5   | Reached XP level 13. HP: 72/72 MP: 23/26
 15664 | Lair:6   | Found a staircase to the Snake Pit.
 15814 | Lair:7   | Reached skill level 11 in Dodging
 15859 | Lair:7   | Found a shattered altar of Ashenzari.
 15998 | Lair:6   | Mangled by a death yak

Action                   |  1- 3 |  4- 6 |  7- 9 | 10-12 | 13-15 || total
-------------------------+-------+-------+-------+-------+-------++-------
Melee: Unarmed           |   107 |   226 |   353 |   772 |    79 ||  1537
Throw: Throwing net      |       |       |       |     5 |       ||     5
 Abil: Evoke Berserk Rag |       |       |       |     1 |       ||     1
Evoke: Wand              |       |     3 |     8 |    11 |       ||    22
  Use: Scroll            |       |       |    20 |     7 |     1 ||    28
       Potion            |       |       |       |     1 |       ||     1
 Stab: Sleeping          |     2 |     1 |     5 |    22 |       ||    30
       Distracted        |       |       |     1 |     4 |       ||     5
       Held in net/web   |       |       |       |     3 |       ||     3
